 Dungeon Crawl Stone Soup version 0.31.0-9-g3a7656b989 (webtiles) character file.

Game seed: 11773010433960310315

1635 croobank the Sneak (level 8, -7/42 HPs)
             Began as a Felid Summoner on Jan 24, 2024.
             Was a Priest of Wu Jian.
             Mangled by an ice beast (13 damage)
             ... on level 7 of the Dungeon.
             The game lasted 00:24:27 (5247 turns).

croobank the Sneak (Felid Summoner)                 Turns: 5247, Time: 00:24:28

Health: -7/42      AC:  2    Str:  4    XL:     8   Next: 66%
Magic:  15/15      EV: 20    Int: 21    God:    Wu Jian [***...]
Gold:   263        SH:  0    Dex: 17    Spells: 5/15 levels left
                                        Lives:  0   Deaths: 3

rFire   . .          .
                       - Unarmed
rCold   . . .        (shield unavailable)
rNeg    . . .        (body armour unavailable)
rPois   .            (helmet unavailable)
rElec   .            (cloak unavailable)
rCorr   .            (gloves unavailable)
SInv    +            (boots unavailable)
Will    +....        e - amulet of the acrobat
Stlth   +++          (no ring)
HPRegen 0.27/turn    (no ring)
MPRegen 0.14/turn

%: acrobat
@: no status effects
A: very small, claws 1, fangs 3, see invisible, shaggy fur 2, stealthy paws, no
weapons or thrown items, no armour, multi-lived
a: Renounce Religion, Wall Jump, Serpent's Lash


You were on level 7 of the Dungeon.
You worshipped Wu Jian.
Wu Jian was most pleased with you.
You visited 1 branch of the dungeon, and saw 8 of its levels.
You also visited: Ossuary.

You collected 263 gold pieces.

Inventory:

Jewellery
 e - an amulet of the acrobat (around neck)
Wands
 k - a wand of flame (32)
 n - a wand of iceblast (13)
Scrolls
 b - a scroll of teleportation
 c - 3 scrolls of revelation {unknown}
 d - 3 scrolls of blinking {unknown}
 f - a scroll of noise {unknown}
 i - a scroll of fog {unknown}
 j - 3 scrolls of identify
Potions
 a - a potion of lignification
 g - a potion of berserk rage
 h - a potion of brilliance
 l - a potion of ambrosia
 o - a potion of haste {unknown}


   Skills:
 + Level 3.7 Fighting
 + Level 6.0 Dodging
 + Level 6.3 Stealth
 * Level 4.5 Unarmed Combat
 + Level 4.1 Spellcasting
 + Level 5.7 Summonings
 * Level 3.2 Fire Magic


You had 5 spell levels left.
You knew the following spells:

 Your Spells              Type           Power      Damage    Failure   Level
a - Summon Small Mammal   Summ           100%       N/A       1%          1
b - Call Imp              Summ           56%        N/A       1%          2
c - Call Canine Familiar  Summ           28%        N/A       3%          3
d - Summon Blazeheart Go  Fire/Summ      23%        N/A       19%         4

Your spell library contained the following spells:

 Spells                   Type           Power      Damage    Failure   Level
 Freeze                   Ice            16%        1d4       12%         1
 Sandblast                Erth           8%         2d5       12%         1
 Inner Flame              Hex/Fire       11%        N/A       19%         3
 Dazzling Flash           Conj/Hex       8%         N/A       34%         3
 Frozen Ramparts          Ice            8%         1d2       34%         3
 Hailstorm                Conj/Ice       4%         3d5       34%         3
 Mephitic Cloud           Conj/Alch/Air  4%         N/A       34%         3
 Passwall                 Erth           4%         N/A       34%         3
 Stone Arrow              Conj/Erth      8%         3d7       34%         3
 Summon Lightning Spire   Summ/Air       16%        N/A       36%         4
 Brom's Barrelling Bould  Conj/Erth      4%         2d3       75%         4
 Curse of Agony           Necr           4%         N/A       97%         5
 Irradiate                Conj/Alch      2%         3d12      97%         5
 Silence                  Hex/Air        2%         N/A       97%         5
 Ignition                 Fire           9%         3d5       100%        8


Dungeon Overview and Level Annotations

Branches:
Dungeon (8/15)             Temple (0/1) D:7         Ossuary (visited)
   Lair: D:8-11

Altars:
Uskayaw
Wu Jian
Zin

Shops:
D:3 [   D:5 [(

Annotations:
D:2 1 runed translucent door, Crazy Yiuf
D:5 !Grind + Eust, Eustachio, Grinder


Innate Abilities, Weirdness & Mutations

You have sharp claws.
You have razor-sharp teeth.
You have supernaturally acute eyesight. (SInv)
You are covered in thick fur. (AC +2)
Your paws help you pounce on unaware monsters.
You are incapable of wielding weapons or throwing items.
You cannot wear armour.
You gain extra lives every three experience levels.


Message History

Your bite misses the ice beast.
The ice beast is severely wounded.
The ice beast closely misses you.
You spin and attack the ice beast.
You scratch the ice beast.
The ice beast is severely wounded.
The ice beast misses you.
You spin and attack the ice beast.
You scratch the ice beast but do no damage.
The ice beast is severely wounded.
The ice beast closely misses you.
You see here a scroll labelled PAOLOT UPEPNI.
You spin and attack the ice beast.
You completely miss the ice beast.
The ice beast is severely wounded.
The ice beast misses you.
You spin and attack the ice beast.
You scratch the ice beast but do no damage.
The ice beast is severely wounded.
The ice beast hits you. The ice beast freezes you!
* * * LOW HITPOINT WARNING * * *
You spin and attack the ice beast.
You scratch the ice beast. You bite the ice beast.
The ice beast is almost dead.
The ice beast completely misses you.
You spin and attack the ice beast.
You barely miss the ice beast.
The ice beast is almost dead.
The ice beast completely misses you.
You see here a scroll labelled PAOLOT UPEPNI.
You spin and attack the ice beast.
You scratch the ice beast.
The ice beast is almost dead.
The ice beast completely misses you.
You spin and attack the ice beast.
You scratch the ice beast but do no damage.
The ice beast is almost dead.
The ice beast misses you.
You spin and attack the ice beast.
You barely miss the ice beast.
The ice beast is almost dead.
The ice beast hits you.
* * * LOW HITPOINT WARNING * * *
The ice beast freezes you!
You die...

#.##........#.###.#.#z###
#.......#.........#.#.z†z
####.#............#.#<.##
#####...#####.####.#.##.#.
#.....#.# #.# ....##...
#.....#.# #.# #.######.
#.....#.####..# .
#..........#.###.
#.......Y@>......
#<......?..######
#.....###### #..... ######


You could see an ice beast.

Vanquished Creatures
  A water moccasin (D:6)
  Duvessa (D:6)
  An ice beast (D:6)
  A phantom (D:5)
  A kobold brigand (D:7)
  Blork the orc (D:5)
  Dowan (D:6)
  A jelly (D:5)
  An iguana (D:6)
  An orc wizard (D:5)
  3 adders
  3 gnolls
  An adder zombie (Ossuary)
  3 orcs
  An endoplasm (D:4)
  3 giant cockroaches
  3 goblins
  8 hobgoblins
  A jackal (D:3)
  A quokka (D:1)
  A ball python (D:4)
  2 bats (D:1)
  2 frilled lizards
  A gnoll zombie (Ossuary)
  A goblin zombie (Ossuary)
  2 jackal zombies (Ossuary)
  5 kobolds
51 creatures vanquished.

Vanquished Creatures (collateral kills)
  Sigmund (D:6)
  A shadow (D:6)
  A wyvern (D:7)
  A black bear (D:4)
  A phantom (D:4)
  A jelly (D:4)
  A hound (D:4)
  2 sleepcaps (D:4)
  A hound zombie (Ossuary)
  2 adders (D:2)
  8 gnolls
  A white imp (D:6)
  A ribbon worm (D:3)
  2 orcs
  4 endoplasms
  A giant cockroach (D:1)
  5 goblins
  A hobgoblin (D:1)
  5 jackals (D:3)
  2 quokkas
  4 ball pythons
  8 bats
  3 frilled lizards
  6 kobolds
63 creatures vanquished.

Vanquished Creatures (others)
  4 blazeheart cores
4 creatures vanquished.

Grand Total: 118 creatures vanquished

Notes
Turn   | Place    | Note
-------+----------+-------------------------------------------
     0 | D:1      | croobank the Felid Summoner began the quest for the Orb.
     0 | D:1      | Reached XP level 1. HP: 9/9 MP: 4/4
   325 | D:1      | Reached XP level 2. HP: 13/13 MP: 0/6
   328 | D:1      | Learned a level 2 spell: Call Imp
  1331 | D:2      | Reached XP level 3. HP: 16/17 MP: 2/7
  1341 | D:2      | Learned a level 3 spell: Call Canine Familiar
  1483 | D:2      | Found a runed translucent door.
  1484 | D:2      | Noticed Crazy Yiuf
  2077 | D:2      | Found a faded altar of an unknown god.
  2081 | D:2      | Prayed at the altar of an unknown god.
  2081 | D:2      | Became a worshipper of the Wu Jian Council
  2081 | D:2      | Reached * piety under Wu Jian
  2285 | D:3      | Found Cyjywkom's Antique Armour Shoppe.
  2333 | D:3      | Reached skill level 1 in Fighting
  2339 | D:3      | Reached XP level 4. HP: 13/22 MP: 1/8
  2339 | D:3      | Gained a life (2 lives remaining)
  2345 | D:3      | HP: 1/22 [gnoll/+0 whip (6)]
  2346 | D:3      | Slain by a gnoll
  2346 | D:3      | Lost a life (1 life remaining)
  2347 | D:3      | Found a glowing silver altar of Zin.
  2448 | D:3      | Found a hide-covered altar of Uskayaw.
  2687 | D:3      | Identified the +2 chain mail of Leasunot {Rampage rCorr}
  2715 | D:3      | Reached XP level 5. HP: 18/25 MP: 2/10
  2849 | D:3      | Reached ** piety under Wu Jian
  3301 | D:4      | Reached skill level 1 in Unarmed Combat
  3373 | D:4      | Noticed a black bear
  3380 | D:4      | Noticed a phantom
  3385 | D:4      | Killed a black bear
  3386 | D:4      | Gained mutation: You are covered in thick fur. (AC +2)
                  | [Felid growth]
  3386 | D:4      | Reached XP level 6. HP: 30/30 MP: 4/11
  3613 | D:4      | Reached skill level 5 in Summonings
  3662 | D:4      | Reached skill level 5 in Stealth
  3947 | D:4      | Learned a level 4 spell: Summon Blazeheart Golem
  4039 | D:5      | Entered Level 5 of the Dungeon
  4070 | D:5      | Reached XP level 7. HP: 35/35 MP: 11/13
  4070 | D:5      | Gained a life (2 lives remaining)
  4079 | D:5      | Found Miwkucet's Antique Weapon Emporium.
  4081 | D:5      | Noticed Blork the orc
  4082 | D:5      | Found Izaynt's Armour Emporium.
  4098 | D:5      | Killed Blork the orc
  4099 | D:5      | Reached skill level 5 in Dodging
  4099 | D:5      | Reached skill level 1 in Fire Magic
  4258 | D:5      | Noticed Eustachio
  4276 | D:6      | Noticed Sigmund
  4377 | D:6      | Killed Sigmund
  4459 | D:6      | Found a sand-covered staircase.
  4468 | Ossuary  | Entered an ossuary
  4513 | Ossuary  | Slain by an elf zombie
  4513 | Ossuary  | Lost a life (1 life remaining)
  4514 | Ossuary  | Reached *** piety under Wu Jian
  4642 | D:6      | Noticed Dowan
  4643 | D:6      | Noticed Duvessa
  4657 | D:6      | Reached XP level 8. HP: 40/40 MP: 10/14
  4668 | D:6      | Killed Dowan
  4668 | D:6      | Killed Duvessa
  4755 | D:5      | Noticed Grinder
  4976 | D:6      | You fall into a shaft and drop 2 floors!
  5180 | D:7      | Found a staircase to the Ecumenical Temple.
  5219 | D:7      | Slain by a wight
  5219 | D:7      | Lost a life (0 lives remaining)
  5247 | D:7      | Mangled by an ice beast

Illustrated notes

Levels and vault maps discovered:
D:1:      amcnicky_arrival_abandoned_market, layout_loops_cross,
          corexii_item_surrounded_by_moat
D:2:      layout_loops_ring, shapermc_ecumenical_altar_venn,
          uniq_crazy_yiuf_cottage
D:3:      layout_basic, mainiacjoe_overflow_concentric_impassable,
          mainiacjoe_overflow_tiny_flanked, serial_shops,
          nicolae_shop_competitors_out_of_business, nicolae_grassy_gnolls
D:4:      layout_cave_pools, kennysheep_cross_bottleneck
D:5:      layout_rooms, nicolae_kikubaaqudgha_miasma_corner,
          minmay_misc_feat_columns, nicolae_wooded_promenade,
          chequers_arboretum, hangedman_decor_opposing, uniq_eustachio,
          uniq_grinder, uniq_blork_the_orc
D:6:      layout_gridville, mainiacjoe_ossuary_entry_dusty_tomb, uniq_duvessa,
          uniq_sigmund
D:7:      layout_basic, nicolae_overflow_crystal_walls,
          minmay_temple_entry_glass, kennysheep_generic_room_3
D:8:      gammafunk_beogh_shrine, layout_basic, serial_shops, shop,
          nzn_random_ring, uniq_erica

Skill      XL: |  1  2  3  4  5  6  7  8 |
---------------+-------------------------+-----
Dodging        | 3 4 5 6 |  6.0
Stealth        | 3 4 5 6 |  6.3
Fighting       | 1 2 3 |  3.7
Unarmed Combat | 1 2 3 4 |  4.5
Spellcasting   | 3 4 |  4.1
Summonings     | 5 |  5.7
Fire Magic     | 2 3 |  3.2

Action                     |  1- 3 |  4- 6 |  7- 9 || total
---------------------------+-------+-------+-------++-------
  Melee: Unarmed           |    29 |   119 |   134 ||   282
         Bite              |     3 |    11 |    24 ||    38
         Punch             |       |     1 |     4 ||     5
   Cast: Summon Small Mamm |    43 |    24 |     2 ||    69
         Call Imp          |    17 |    10 |       ||    27
         Call Canine Famil |     5 |     8 |     5 ||    18
         Summon Blazeheart |       |       |     9 ||     9
Ability: Whirlwind         |     2 |    86 |    98 ||   186
         Lunge             |     2 |     6 |     2 ||    10
         Wall Jump         |       |     3 |     5 ||     8
  Evoke: Wand              |       |       |     1 ||     1
    Use: Potion            |     1 |       |     1 ||     2
         Scroll            |       |     1 |     5 ||     6
   Stab: Sleeping          |     7 |     7 |     3 ||    17
 Armour: Skin              |    14 |    29 |    47 ||    90
  Dodge: Dodged            |    39 |    87 |   181 ||   307
